Description

Time Atacak com roach rainha ravege

Replay - Maru v Rogue: Game 1 - Nightshade LE

Build Order

Get SALT Encoding   

  12  0:00  Drone  
  13  0:12  Overlord  
  13  0:17  Drone  
  14  0:31  Drone x2  
  16  0:49  Hatchery  
  15  0:50  Drone x2  
  17  0:58  Drone  
  18  1:08  Extractor  
  17  1:12  Spawning Pool  
  17  1:15  Drone x2  
  18  1:29  Drone  
  21  2:00  Queen x2  
  25  2:01  Zergling x4  
  27  2:11  Overlord  
  28  2:21  Hatchery  
  28  2:32  Metabolic Boost  
  31  2:48  Queen  
  34  2:53  Overlord  
  40  3:18  Queen, Overlord  
  43  3:34  Queen, Overlord  
  49  3:43  Zergling x6  
  52  3:53  Queen  
  60  4:05  Zergling x2  
  63  4:13  Roach Warren  
  64  4:24  Spore Crawler x2  
  68  4:32  Lair  
  68  4:34  Extractor  
  70  4:43  Extractor x2  
  70  4:45  Zergling x4  
  73  4:52  Evolution Chamber x2  
  74  5:00  Spore Crawler  
  82  5:18  Extractor x2  
  82  5:20  Zerg Missile Weapons Level 1  
  84  5:25  Zerg Ground Armor Level 1  
  84  5:30  Overseer, Glial Reconstitution  
  86  6:03  Roach x5  
  94  6:13  Roach x5  
  126  6:52  Nydus Network, Overseer, Ravager x5  
  144  7:31  Nydus Canal  
  148  7:56  Queen  
  150  8:26  Ravager x3  
  152  8:29  Pneumatized Carapace  
  153  8:35  Hatchery  
  182  9:05  Overseer  
  182  9:12  Hatchery  
  181  9:23  Ravager x2  
Spawning Tool Build Advisor. Get it on Overwolf

Go to:

Details

  • Created by: mardonioadm
  • Published on: Apr 18, 2020
  • Modified on: Apr 18, 2020
  • Patch: 4.11.0
Show
View Real Time Build Order
Export as new Build Order

Comments (0)

There are no comments. Be the first!

Create an account to comment!